 Dungeon Crawl Stone Soup version 0.30.1-4-g462c640d31 (webtiles) character file.

Game seed: 2794809781405039683

304571 wingedge the Marksdemigod (level 19, -4/168 HPs)
             Began as a Demigod Wanderer on Aug 20, 2023.
             Shot with a bolt by a vault warden (39 damage)
             ... on level 3 of the Vaults on Aug 21, 2023.
             The game lasted 04:08:20 (45543 turns).

wingedge the Marksdemigod (Demigod Wanderer)       Turns: 45543, Time: 04:08:21

Health: -4/168     AC: 10    Str: 18    XL:     19   Next: 48%
Magic:  29/36      EV: 28    Int: 24    God:
Gold:   1133       SH:  5    Dex: 31    Spells: 5/34 levels left

rFire   + . .        a - +7 longbow "Ysse" {elec, Will+}
rCold   + . .        (shield currently unavailable)
rNeg    + . .        c - +1 leather armour of the Lily {rF+ rC+ rN+ Dex+3}
rPois   .            o - +0 helmet
rElec   +            G - scarf of the Sun {harm, *Corrode Drain rElec Will++}
rCorr   +            (no gloves)
SInv    .            T - +2 pair of boots of the Gloaming {Regen+ rCorr}
Will    ++++.        Q - amulet of reflection
Stlth   ++++++       F - +5 ring of evasion
HPRegen 1.28/turn    v - +6 ring of dexterity
MPRegen 0.25/turn

%: corrode self (3%), harm (+30% outgoing, +20% incoming), reflection
@: studying Stealth
A: high MP 1, forlorn, divine attributes
}: 2/15 runes: serpentine, barnacled
a: no special abilities


You were on level 3 of the Vaults.
You visited 6 branches of the dungeon, and saw 33 of its levels.
You also visited: Ossuary and Ice Cave.

You collected 3946 gold pieces.
You spent 2813 gold pieces at shops.

Inventory:

Hand Weapons
 a - the +7 longbow "Ysse" (weapon) {elec, Will+}
   (You acquired it on level 4 of the Lair of Beasts)

   Will:      It increases your willpower.
 b - the +8 arbalest "Orb Guardian's Regret" {heavy, rF+ rN+}
   (You bought it in a shop on level 6 of the Dungeon)

   rF:        It protects you from fire.
   rN:        It protects you from negative energy.
Missiles
 g - 9 throwing nets
Armour
 c - the +1 leather armour of the Lily (worn) {rF+ rC+ rN+ Dex+3}
   (You found it on level 4 of the Lair of Beasts)

   Dex:       It affects your dexterity (+3).
   rF:        It protects you from fire.
   rC:        It protects you from cold.
   rN:        It protects you from negative energy.
 j - the +7 ice dragon scales of Good Intentions {rElec rF- rC++}
   (You found it in an ice cave)

   rF:        It makes you vulnerable to fire.
   rC:        It greatly protects you from cold.
   rElec:     It insulates you from electricity.
 o - a +0 helmet (worn)
 G - the scarf of the Sun (worn) {harm, *Corrode Drain rElec Will++}
   (You acquired it on level 1 of the Vaults)

   rElec:     It insulates you from electricity.
   *Corrode:  It may corrode you when you take damage.
   Drain:     It drains your maximum health when unequipped.
   Will:      It greatly increases your willpower.
 R - a +2 cloak of poison resistance
 T - the +2 pair of boots of the Gloaming (worn) {Regen+ rCorr}
   (You found it on level 10 of the Dungeon)

   Regen:     It increases your rate of health regeneration.
   rCorr:     It protects you from acid and corrosion.
 U - a scarf of resistance
 V - the +3 pair of seven-league boots {Rampage+∞}
   (You found it on level 4 of the Lair of Beasts)

   Rampage+∞: When moving toward enemies, its wearer moves as far as possible,
   alerting their target en route.
 Z - the +1 robe of the Other Side {rF+ Regen+ Dex+3}
   (You found it on level 4 of the Lair of Beasts)

   Dex:       It affects your dexterity (+3).
   rF:        It protects you from fire.
   Regen:     It increases your rate of health regeneration.
Jewellery
 f - a ring of flight
 p - a ring of protection from cold
 s - a ring of see invisible
 v - a +6 ring of dexterity (right hand)
 z - a ring of protection from fire
 A - a ring of poison resistance
 E - a ring of willpower
 F - a +5 ring of evasion (left hand)
 Q - an amulet of reflection (around neck)
Wands
 d - a wand of acid (3)
 y - a wand of roots (33)
 W - a wand of digging (12)
Scrolls
 h - 3 scrolls of butterflies
 t - 3 scrolls of brand weapon
 w - 6 scrolls of fog
 x - 4 scrolls of silence
 D - 12 scrolls of teleportation
 I - 5 scrolls of enchant armour
 K - 6 scrolls of poison
 L - 5 scrolls of enchant weapon
 N - a scroll of blinking
 O - 2 scrolls of magic mapping
 X - 2 scrolls of immolation
Potions
 e - 17 potions of curing
 i - 9 potions of brilliance
 k - a potion of resistance
 m - 6 potions of lignification
 n - 3 potions of ambrosia
 q - 7 potions of mutation
 r - 7 potions of magic
 u - 2 potions of invisibility
 B - 5 potions of haste
 C - 9 potions of might
 H - 2 potions of berserk rage
 J - a potion of flight
 S - a potion of heal wounds
 Y - 2 potions of cancellation
Miscellaneous
 l - a phantom mirror


   Skills:
 * Level 14.3 Fighting
 - Level 1.0(2.5) Axes
 - Level 3.7(4.0) Maces & Flails
 - Level 1.2(2.6) Staves
 - Level 18.0 Ranged Weapons
 - Level 1.0 Throwing
 - Level 13.0 Armour
 - Level 10.0 Dodging
 - Level 12.1 Stealth
 - Level 8.0 Spellcasting
 - Level 4.0 Conjurations
 + Level 10.4 Hexes
 + Level 11.6 Translocations
 + Level 10.9 Transmutations


You had 5 spell levels left.
You knew the following spells:

 Your Spells              Type           Power      Damage    Failure   Level
a - Yara's Violent Unrav  Hex/Tmut       28%        3d12      2%          5
b - Blink                 Tloc           100%       N/A       1%          2
c - Wereblood             Tmut           58%        N/A       1%          2
d - Teleport Other        Tloc           60%        N/A       1%          3
e - Cause Fear            Hex            28%        N/A       1%          4
f - Dispersal             Tloc           30%        N/A       9%          6
g - Portal Projectile     Hex/Tloc       100%       N/A       1%          3
h - Passage of Golubria   Tloc           60%        N/A       1%          4

Your spell library contained the following spells:

 Spells                   Type           Power      Damage    Failure   Level
 Apportation              Tloc           100%       N/A       1%          1
 Beastly Appendage        Tmut           100%       N/A       1%          1
 Magic Dart               Conj           100%       1d8       1%          1
 Sting                    Tmut/Pois      100%       1d8       1%          1
 Ensorcelled Hibernation  Hex/Ice        68%        N/A       1%          2
 Lesser Beckoning         Tloc           100%       N/A       1%          2
 Momentum Strike          Conj/Tloc      94%        3d10      1%          2
 Passwall                 Tmut/Erth      29%        N/A       1%          2
 Searing Ray              Conj           56%        2d6       1%          2
 Gell's Gravitas          Tloc           60%        N/A       1%          3
 Tukima's Dance           Hex            56%        N/A       1%          3
 Inner Flame              Hex/Fire       34%        N/A       2%          3
 Spider Form              Tmut/Pois      35%        N/A       2%          3
 Foxfire                  Conj/Fire      76%        2x1d7     3%          1
 Fulminant Prism          Conj/Hex       22%        3d12      3%          4
 Ignite Poison            Fire/Tmut/Pois 27%        N/A       4%          3
 Necrotise                Necr           36%        1d5       7%          1
 Sandblast                Erth           18%        2d7       7%          1
 Summon Small Mammal      Summ           36%        N/A       7%          1
 Ice Form                 Ice/Tmut       35%        N/A       8%          4
 Anguish                  Hex/Necr       17%        N/A       9%          4
 Leda's Liquefaction      Hex/Erth       17%        N/A       9%          4
 Hailstorm                Conj/Ice       19%        3d6       10%         3
 Stone Arrow              Conj/Erth      38%        3d9       10%         3
 Poisonous Vapours        Pois/Air       18%        N/A       11%         2
 Sublimation of Blood     Necr           9%         N/A       11%         2
 Mephitic Cloud           Conj/Pois/Air  15%        N/A       13%         3
 Call Canine Familiar     Summ           9%         N/A       22%         3
 Ozocubu's Armour         Ice            9%         N/A       22%         3
 Flame Wave               Conj/Fire      19%        2d7       30%         4
 Sticky Flame             Conj/Fire      19%        2d4       30%         4
 Iskenderun's Battlesphe  Conj           28%        2d8       36%         5
 Olgreb's Toxic Radiance  Pois           9%         N/A       56%         4
 Summon Lightning Spire   Summ/Air       9%         N/A       56%         4
 Fireball                 Conj/Fire      9%         3d6       65%         5
 Freezing Cloud           Conj/Ice/Air   7%         6-21      75%         5
 Enfeeble                 Hex            28%        N/A       65%         7
 Disjunction              Tloc           30%        N/A       98%         8
 Conjure Ball Lightning   Conj/Air       9%         3x3d6     99%         6
 Iron Shot                Conj/Erth      9%         9d3       99%         6
 Starburst                Conj/Fire      9%         6d5       99%         6
 Plasma Beam              Fire/Air       4%         2x1d16    100%        6
 Simulacrum               Ice/Necr       4%         N/A       100%        6
 Ozocubu's Refrigeration  Ice            4%         4d8       100%        7
 Spellforged Servitor     Conj/Summ      9%         N/A       100%        7
 Summon Hydra             Summ           4%         N/A       100%        7
 Discord                  Hex            28%        N/A       100%        8


Dungeon Overview and Level Annotations

Branches:
Dungeon (15/15)            Temple (0/1) D:7            Lair (5/5) D:11
 Shoals (4/4) Lair:2        Snake (4/4) Lair:2        Slime (0/5) Lair:4
    Orc (2/2) D:12            Elf (0/3) Orc:2        Vaults (3/5) D:13
 Depths (0/4) D:15        Ossuary (visited)           IceCv (visited)
  Crypt: Vaults:2-3

Shops:
D:2 ?   D:6 ((   D:13 (   Orc:2 (:[*:   Shoals:2 (   Snake:1 :   Snake:3 [:
Snake:4 [

Portals:
Trove: D:10 (give 18 potions of curing)


Innate Abilities, Weirdness & Mutations

You have an increased reservoir of magic. (+10% MP)
You shall have no god before yourself.
Your divine heritage dramatically boosts your attributes as you level up.


Message History

You are too injured to fight recklessly!
Fire: a) +7 longbow "Ysse" {elec, Will+}
Press: ? - help, Q - select action, (/) - cycle Shift-Dir - straight line, f - vault warden
Aim: a vault warden, wielding a +0 arbalest and wearing a +0 plate armour (79% to hit)
You shoot an arrow. The arrow hits the vault warden!
The vault warden is lightly wounded.
The vault warden activates a sealing rune.
Fire: a) +7 longbow "Ysse" {elec, Will+}
Press: ? - help, Q - select action, (/) - cycle Shift-Dir - straight line, f/p - vault warden
Aim: a vault warden, wielding a +0 arbalest and wearing a +0 plate armour (lightly wounded, 79% to hit)
You shoot an arrow. The arrow hits the vault warden!!
The vault warden is heavily wounded.
Fire: a) +7 longbow "Ysse" {elec, Will+}
Press: ? - help, Q - select action, (/) - cycle Shift-Dir - straight line, f/p - vault warden
Aim: a vault warden, wielding a +0 arbalest and wearing a +0 plate armour (heavily wounded, 79% to hit)
You shoot an arrow. The arrow hits the vault warden.
The vault warden is heavily wounded.
The tengu reaver casts a spell at you. The bolt of poison hits you!
You are poisoned.
Fire: a) +7 longbow "Ysse" {elec, Will+}
Press: ? - help, Q - select action, (/) - cycle Shift-Dir - straight line, f/p - vault warden
Aim: a vault warden, wielding a +0 arbalest and wearing a +0 plate armour (heavily wounded, 79% to hit)
You shoot an arrow.
The arrow closely misses the vault warden.
You feel very sick.
The vault warden shoots a bolt.
The bolt hits you.
Fire: a) +7 longbow "Ysse" {elec, Will+}
Press: ? - help, Q - select action, (/) - cycle Shift-Dir - straight line, f/p - vault warden
Aim: a vault warden, wielding a +0 arbalest and wearing a +0 plate armour (heavily wounded, 79% to hit)
You shoot an arrow. The arrow hits the vault warden!
The vault warden is heavily wounded.
You feel very sick.
The vault warden shoots a bolt.
The bolt closely misses you.
The tengu reaver gestures at you while chanting.
The bolt of poison hits you!!
You are more poisoned.
* * * LOW HITPOINT WARNING * * *
You feel better.
The vault warden shoots a bolt.
The bolt hits you!!
You die...

#.#..#..<..#.....#...
#..#...........#...
#..##..#...#..##...
#...###.....###....
#.....#.....#......
#.....##...##......
###############......#####.......
........)....^..^................
.....)....).Q...@................
....)p)....p)....................
...p...^...............##########
##p############........# #.c
#........# #... #........# ####+
#........# c. #........# ...
........#


You could see a vault warden and a tengu reaver.

Vanquished Creatures
  An Ice Fiend (IceCv)
  A titan (Shoals:4)
  Polyphemus (Shoals:4)
  2 sphinxes
  Gastronok (D:12)
  A kraken (Shoals:3)
  Frances (Snake:1)
  Kirke (Shoals:4)
  7 nagarajas
  Ilsuiw (Shoals:3)
  A frost giant (Vaults:3)
  A fire giant (Vaults:1)
  Aizul (Snake:1)
  7 vault wardens
  An orc warlord (Orc:2)
  13 ironbound preservers
  A war gargoyle (Vaults:3)
  The ghost of robotcentaur the Carver, a journeyman GnRe of Gozag (D:12)
  5 very ugly things
  5 ironbound thunderhulks
  4 dire elephants
  Nessos (Orc:2)
  Azrael (D:12)
  2 crystal guardians (Vaults:2)
  An ettin (D:15)
  Snorg (Orc:2)
  18 merfolk impalers
  5 merfolk javelineers
  The ghost of wingedge the Geomancer, a journeyman DgEE (Lair:2)
  6 yaktaur captains
  4 entropy weavers
  6 vault guards
  A great orb of eyes (Vaults:1)
  A rakshasa (D:15)
  3 ironbound frosthearts
  2 peacekeepers
  Erolcha (D:11)
  Fannar (Lair:2)
  A salamander tyrant (Snake:3)
  An ogre mage (D:15)
  4 ghost crabs (D:13)
  4 hydras
  2 alligator snapping turtles (Shoals:2)
  2 catoblepae
  3 merfolk avatars
  2 caustic shrike simulacra (IceCv)
  Erica (D:8)
  10 anacondas
  6 centaur warriors
  9 two-headed ogres
  5 merfolk aquamancers
  7 boulder beetles
  4 alligators (Shoals:3)
  13 death yaks
  4 orc high priests
  A deep troll shaman (Lair:5)
  3 satyrs
  10 shock serpents
  12 naga warriors
  18 naga sharpshooters
  Nergalle (D:10)
  Amaemon (D:8)
  8 skeletal warriors
  7 skysharks
  Sonja (D:10)
  5 fire crabs (D:13)
  22 deep trolls
  6 salamander mystics
  9 naga ritualists
  18 sea snakes
  4 wizards
  Pikel (D:8)
  4 orc knights (Orc:2)
  8 ironbound convokers
  6 spriggan simulacra (IceCv)
  A bog body (IceCv)
  A phantasmal warrior (D:13)
  17 harpies
  An obsidian statue (IceCv)
  7 lindwurms
  The ghost of sigtrap the Shield-Bearer, a novice FoFi (D:4)
  6 deep elf pyromancers
  6 mana vipers
  9 orc sorcerers
  An oklob plant (Lair:4)
  8 ugly things
  5 cyclopes
  22 salamanders
  7 fauns
  7 merfolk sirens
  8 manticores
  A moth of wrath (shapeshifter) (D:13)
  Maurice (D:10)
  3 vault sentinels (Vaults:1)
  52 black mambas
  An apocalypse crab (D:13)
  12 water nymphs
  8 guardian serpents
  15 naga magi
  3 gargoyles
  9 elephants
  2 torpor snails (Lair:2)
  Joseph (D:10)
  11 cane toads
  An orange demon (D:8)
  7 rime drakes
  An unseen horror (D:10)
  2 efreet
  9 komodo dragons
  An anaconda simulacrum (IceCv)
  23 yaktaurs
  4 ice devils (IceCv)
  5 freezing wraiths
  4 trolls
  A tengu conjurer (D:15)
  3 meliai (D:13)
  31 merfolk
  A polar bear (Lair:5)
  3 blink frogs (Lair:2)
  2 hornets
  9 wind drakes
  6 slime creatures
  14 dream sheep
  14 snapping turtles
  4 air elementals (Shoals:4)
  Sigmund (D:3)
  3 wyverns
  20 water elementals
  2 shadows
  2 wraiths (D:12)
  3 fire elementals (D:12)
  A yak (shapeshifter) (D:13)
  A golden eye (shapeshifter) (D:13)
  A vampire (D:10)
  57 yaks
  4 basilisks
  2 hogs (Shoals:4)
  6 vampire mosquitoes
  A redback (Vaults:1)
  9 minotaur simulacra (IceCv)
  Edmund (D:4)
  2 harpy simulacra (IceCv)
  3 wargs (Orc:1)
  2 acid dragons (D:12)
  A hydra simulacrum (IceCv)
  49 nagas
  13 water moccasins
  4 hell hounds (D:12)
  5 black bears
  A hornet zombie (Ossuary)
  38 orc warriors
  4 sky beasts
  An ice beast (D:6)
  7 ogres
  3 alligator simulacra (IceCv)
  5 wolves (Lair:5)
  11 centaurs
  A lemure (D:8)
  4 kobold brigands
  A scorpion (D:5)
  14 deep troll simulacra (IceCv)
  8 bullfrogs
  3 wyvern zombies (Ossuary)
  3 gnoll sergeants
  3 water moccasin zombies (Ossuary)
  12 wights
  19 killer bees
  5 electric eels
  4 howler monkeys
  A centaur zombie (Ossuary)
  2 lava snakes (D:11)
  6 bullfrog zombies (Ossuary)
  5 hounds
  A gnoll bouda (D:7)
  24 orc priests
  A jelly (D:3)
  4 iguanas
  A sleepcap (D:6)
  Terence (D:3)
  Natasha (D:3)
  30 orc wizards
  A statue (D:7)
  4 killer bee zombies (Ossuary)
  14 mummies (Ossuary)
  2 howler monkey zombies (Ossuary)
  23 gnolls
  9 adders
  2 shadow imps
  A white imp (D:6)
  An ufetubus (D:7)
  2 worms
  111 orcs
  2 bats
  2 endoplasms
  3 giant cockroaches
  4 goblins (D:4)
  3 hobgoblins
  2 jackals (D:4)
  3 training dummies (D:6)
  2 ball pythons
  7 frilled lizards
  15 kobolds
  4 rats
  A spectral orc (D:14)
  2 tentacles (Shoals:3)
1343 creatures vanquished.

Vanquished Creatures (others)
  2 wizards
  An unseen horror (D:12)
  5 humans (Shoals:4)
  An orc (Orc:1)
  A jackal (D:4)
  15 tentacles (Shoals:3)
25 creatures vanquished.

Grand Total: 1368 creatures vanquished

Notes
Turn   | Place    | Note
-------+----------+-------------------------------------------
     0 | D:1      | wingedge the Demigod Wanderer began the quest for the Orb.
     0 | D:1      | wingedge set off with the following items: a +0 dagger, a
                  | scroll of teleportation, a potion of attraction, a +2
                  | leather armour; and the following spells available to
                  | memorise: Blink, Momentum Strike.
     0 | D:1      | Reached XP level 1. HP: 14/14 MP: 4/4
   963 | D:2      | Found Koustre's Magic Scroll Emporium.
   965 | D:2      | Bought a scroll of identify for 20 gold pieces
  1286 | D:2      | Reached XP level 2. HP: 13/22 MP: 4/6
  1326 | D:2      | Learned a level 2 spell: Momentum Strike
  1607 | D:3      | Reached skill level 1 in Conjurations
  1712 | D:3      | Reached skill level 1 in Fighting
  1712 | D:3      | Reached XP level 3. HP: 25/28 MP: 8/8
  1725 | D:3      | Learned a level 2 spell: Blink
  1959 | D:3      | Noticed Sigmund
  1982 | D:3      | Killed Sigmund
  1983 | D:3      | Reached skill level 1 in Staves
  1983 | D:3      | Reached XP level 4. HP: 19/36 MP: 6/9
  1983 | D:3      | Reached XP level 5. HP: 21/41 MP: 6/10
  2107 | D:3      | Learned a level 2 spell: Wereblood
  2111 | D:3      | Noticed a wizard
  2117 | D:3      | Killed a wizard
  2260 | D:3      | HP: 2/41 [gnoll/+0 spear (5)]
  2462 | D:3      | Noticed Terence
  2467 | D:3      | Killed Terence
  2681 | D:3      | Noticed Natasha
  2685 | D:3      | Killed Natasha
  2686 | D:3      | Reached XP level 6. HP: 48/48 MP: 8/12
  3010 | D:4      | Identified the +0 dagger of the Revolution {venom, Str+3
                  | Int+3}
  3236 | D:4      | Found a runed translucent gate.
  3236 | D:4      | Found a runed translucent gate.
  3242 | D:4      | Found a runed translucent gate.
  3243 | D:4      | Noticed sigtrap's ghost (novice FoFi)
  3259 | D:4      | Noticed Edmund
  3319 | D:4      | Killed Edmund
  3320 | D:4      | Reached skill level 1 in Transmutations
  3660 | D:4      | Learned a level 3 spell: Teleport Other
  4109 | D:5      | Entered Level 5 of the Dungeon
  4450 | D:5      | Reached XP level 7. HP: 41/56 MP: 10/13
  4493 | D:4      | Reached skill level 1 in Maces & Flails
  5280 | D:5      | You fall into a shaft and drop 3 floors!
  5309 | D:8      | Found a sand-covered staircase.
  5313 | Ossuary  | Entered an ossuary
  5334 | Ossuary  | Reached XP level 8. HP: 42/63 MP: 15/15
  5446 | Ossuary  | HP: 1/66 [wyvern zombie (11)]
  5698 | Ossuary  | Learned a level 3 spell: Gell's Gravitas
  5996 | D:8      | Noticed Erica
  6215 | D:8      | Reached skill level 5 in Translocations
  6219 | D:8      | Noticed Pikel
  6312 | D:7      | Reached XP level 9. HP: 31/72 MP: 13/16
  6442 | D:7      | Learned a level 2 spell: Lesser Beckoning
  6778 | D:5      | Reached skill level 5 in Armour
  6850 | D:5      | Reached skill level 1 in Axes
  7039 | D:6      | Found Sonynluq's Antique Weapon Emporium.
  7042 | D:6      | Bought a buzzing arbalest for 256 gold pieces
  7042 | D:6      | Identified the +8 arbalest "Orb Guardian's Regret" {heavy,
                  | rF+ rN+} (You bought it in a shop on level 6 of the
                  | Dungeon)
  7342 | D:6      | Reached skill level 1 in Ranged Weapons
  7344 | D:6      | Found Rinal's Firing Range.
  7565 | D:6      | Reached skill level 2 in Ranged Weapons
  8350 | D:7      | Reached skill level 5 in Fighting
  8512 | D:7      | Found a staircase to the Ecumenical Temple.
  8691 | D:7      | Reached skill level 3 in Ranged Weapons
  9249 | D:8      | Killed Pikel
  9250 | D:8      | Reached skill level 4 in Ranged Weapons
  9250 | D:8      | Reached skill level 5 in Transmutations
  9275 | D:8      | Killed Erica
  9276 | D:8      | Reached skill level 5 in Ranged Weapons
  9276 | D:8      | Reached XP level 10. HP: 36/83 MP: 13/17
  9675 | D:8      | Noticed Amaemon
  9680 | D:8      | Reached skill level 6 in Ranged Weapons
  9713 | D:8      | Killed Amaemon
  9714 | D:8      | Reached skill level 7 in Ranged Weapons
  9722 | D:8      | Noticed a two-headed ogre
  9727 | D:8      | Killed a two-headed ogre
  9859 | D:8      | Reached skill level 8 in Ranged Weapons
 10925 | D:9      | Reached XP level 11. HP: 89/89 MP: 19/19
 10995 | D:9      | Reached skill level 9 in Ranged Weapons
 11462 | D:10     | Entered Level 10 of the Dungeon
 11636 | D:10     | Noticed Maurice
 11638 | D:10     | Killed Maurice
 11784 | D:10     | Reached skill level 10 in Ranged Weapons
 12086 | D:10     | Noticed Nergalle
 12094 | D:10     | Killed Nergalle
 12332 | D:10     | Noticed Sonja
 12333 | D:10     | Killed Sonja
 12338 | D:10     | Identified the +2 pair of boots of the Gloaming {Regen+
                  | rCorr}
 12384 | D:10     | Noticed Joseph
 12388 | D:10     | Killed Joseph
 12478 | D:10     | Found a portal to a secret trove of treasure.
 12527 | D:10     | Paralysed by a hornet for 2 turns
 12891 | D:11     | Noticed a two-headed ogre
 12895 | D:11     | Killed a two-headed ogre
 12899 | D:11     | Found a staircase to the Lair.
 13295 | D:11     | Noticed Erolcha
 13299 | D:11     | Killed Erolcha
 13386 | Lair:1   | Entered Level 1 of the Lair of Beasts
 13512 | Lair:1   | Reached skill level 11 in Ranged Weapons
 13851 | Lair:1   | Reached skill level 5 in Stealth
 13882 | Lair:1   | Reached XP level 12. HP: 92/100 MP: 9/20
 14466 | Lair:2   | Found a runed translucent door.
 14466 | Lair:2   | Noticed wingedge's ghost (journeyman DgEE)
 14649 | Lair:2   | Found a staircase to the Shoals.
 14666 | Lair:2   | Noticed Fannar
 14670 | Lair:2   | Killed Fannar
 14694 | Lair:2   | Found a staircase to the Snake Pit.
 15122 | Lair:2   | Reached skill level 12 in Ranged Weapons
 16148 | Lair:3   | Reached XP level 13. HP: 108/108 MP: 21/21
 16538 | Lair:4   | Found a staircase to the Slime Pits.
 16685 | Lair:4   | Identified the +1 leather armour of the Lily {rF+ rC+ rN+
                  | Dex+3}
 16818 | Lair:4   | Reached skill level 5 in Dodging
 16829 | Lair:4   | Identified a scroll of acquirement
 16830 | Lair:4   | Acquired the +7 longbow "Ysse" {elec, Will+}
 16987 | Lair:4   | Found the +3 pair of seven-league boots {Rampage+∞}
 17075 | Lair:4   | Identified the +1 robe of the Other Side {rF+ Regen+ Dex+3}
 17289 | Lair:5   | Entered Level 5 of the Lair of Beasts
 17348 | Lair:5   | Reached skill level 13 in Ranged Weapons
 19041 | D:12     | Identified the +4 halberd "Arudu" {pain, rCorr Dex+2}
 19057 | D:12     | Reached XP level 14. HP: 116/118 MP: 24/24
 19085 | D:12     | Found a runed translucent door.
 19096 | D:12     | Noticed robotcentaur's ghost (journeyman GnRe)
 19151 | D:12     | Noticed Azrael
 19157 | D:12     | Killed Azrael
 19204 | D:12     | Reached skill level 14 in Ranged Weapons
 19274 | D:12     | Noticed Gastronok
 19286 | D:12     | Killed Gastronok
 19813 | D:12     | Found a staircase to the Orcish Mines.
 20001 | Orc:1    | Entered Level 1 of the Orcish Mines
 20091 | Orc:2    | Entered Level 2 of the Orcish Mines
 20091 | Orc:2    | Noticed Snorg
 20091 | Orc:2    | Found a staircase to the Elven Halls.
 20098 | Orc:2    | Killed Snorg
 20192 | Orc:2    | Found Qauthim's Book Boutique.
 20202 | Orc:2    | Bought a book of the Hunter for 390 gold pieces
 20206 | Orc:2    | Learned a level 3 spell: Portal Projectile
 20840 | Orc:1    | Reached skill level 1 in Hexes
 21240 | Orc:2    | Noticed Nessos
 21307 | Orc:2    | Killed Nessos
 21364 | Orc:2    | Noticed an orc warlord
 21530 | Orc:2    | Reached skill level 10 in Fighting
 21877 | Orc:2    | Killed an orc warlord
 21937 | Orc:2    | Found Bewukhl Rajiu's Antique Armour Emporium.
 21970 | Orc:2    | Found Dicziora's General Store.
 21970 | Orc:2    | Found Himouqer's Book Emporium.
 21972 | Orc:2    | Found Oxzes's Antique Weapon Shoppe.
 21988 | Orc:2    | Bought a scroll of teleportation for 48 gold pieces
 21988 | Orc:2    | Bought a scroll of magic mapping for 120 gold pieces
 22060 | Orc:2    | Bought Jeacaje's Tome of the Hart for 264 gold pieces
 22060 | Orc:2    | Bought Great Wizards, Vol. VII for 330 gold pieces
 22067 | Orc:2    | Learned a level 4 spell: Passage of Golubria
 22496 | D:13     | Reached skill level 5 in Spellcasting
 22562 | D:13     | Found Zeseucext's Weapon Emporium.
 22677 | D:13     | Found a gate to the Vaults.
 22789 | D:13     | Found a runed translucent door.
 22818 | D:13     | Reached skill level 15 in Ranged Weapons
 22914 | D:13     | Reached XP level 15. HP: 85/126 MP: 27/27
 23083 | D:13     | Identified the staff of air "Rajuhis" {rElec rF+++ Int-3
                  | Dex+4}
 24361 | D:15     | Entered Level 15 of the Dungeon
 25047 | D:15     | Reached skill level 10 in Armour
 25130 | D:15     | Learned a level 5 spell: Yara's Violent Unravelling
 25581 | D:15     | Found a staircase to the Depths.
 26329 | D:4      | Killed sigtrap's ghost
 26537 | D:12     | Killed robotcentaur's ghost
 26540 | D:12     | Got the Notes on Kinetic Shapeshifting
 26646 | Lair:2   | Killed wingedge's ghost
 26701 | Shoals:1 | Entered Level 1 of the Shoals
 26956 | Shoals:1 | Reached skill level 5 in Hexes
 27992 | Shoals:2 | Reached XP level 16. HP: 137/137 MP: 29/29
 28767 | Shoals:2 | Found Ischuppi's Antique Weapon Emporium.
 29006 | Shoals:3 | Reached skill level 16 in Ranged Weapons
 29354 | Shoals:3 | Identified the +1 helmet of Gestures {Rampage Will- Str+3
                  | Int+4}
 29579 | Shoals:3 | Noticed Ilsuiw
 29603 | Shoals:3 | Killed Ilsuiw
 29966 | Shoals:3 | Noticed a kraken
 30547 | Shoals:3 | Killed a kraken
 31046 | Shoals:3 | Learned a level 6 spell: Dispersal
 31047 | Shoals:4 | Entered Level 4 of the Shoals
 31255 | Shoals:4 | Paralysed by an air elemental for 1 turns
 31282 | Shoals:4 | Noticed Kirke
 31374 | Shoals:4 | Killed Kirke
 31501 | Shoals:4 | Noticed Polyphemus
 31586 | Shoals:4 | Killed Polyphemus
 31868 | Shoals:4 | Paralysed by an air elemental for 1 turns
 31916 | Shoals:4 | Reached skill level 10 in Stealth
 32378 | Shoals:4 | Learned a level 4 spell: Cause Fear
 32887 | Shoals:4 | Paralysed by an air elemental for 1 turns
 33117 | Shoals:4 | Reached XP level 17. HP: 121/146 MP: 32/32
 33407 | Shoals:4 | Noticed a titan
 33776 | Shoals:4 | Killed a titan
 33809 | Shoals:4 | Identified the staff of conjuration "Fuecoul" {Dex+3}
 33818 | Shoals:4 | Got a barnacled rune of Zot
 34086 | Snake:1  | Entered Level 1 of the Snake Pit
 34334 | Snake:1  | Reached skill level 10 in Translocations
 34406 | Snake:1  | Noticed Aizul
 34428 | Snake:1  | Killed Aizul
 34665 | Snake:1  | Noticed Frances
 34674 | Snake:1  | Killed Frances
 34824 | Snake:1  | Found Daish's Book Emporium.
 34832 | Snake:1  | Bought a manual of Stealth for 1280 gold pieces
 35481 | Snake:2  | Reached skill level 17 in Ranged Weapons
 36967 | Snake:3  | Found Gaareb's Book Emporium.
 36967 | Snake:3  | Found Nubba's Antique Armour Shoppe.
 37294 | D:2      | Bought a scroll of blinking for 75 gold pieces
 37294 | D:2      | Bought a scroll of teleportation for 30 gold pieces
 38325 | Snake:4  | Entered Level 4 of the Snake Pit
 38470 | Snake:4  | Reached XP level 18. HP: 155/156 MP: 6/33
 38493 | Snake:4  | Found a frozen archway.
 38618 | IceCv    | Entered an ice cave
 39790 | IceCv    | Identified the +9 quarterstaff "Yguf" {holy, rCorr Dex+4}
 39796 | IceCv    | Identified the +7 ice dragon scales of Good Intentions
                  | {rElec rF- rC++}
 40405 | Snake:4  | Reached skill level 10 in Transmutations
 40854 | Snake:4  | Got a serpentine rune of Zot
 41113 | Snake:4  | Found Pejicwu's Armour Emporium.
 41719 | Vaults:1 | Entered Level 1 of the Vaults
 42512 | Vaults:1 | Acquired the scarf of the Sun {harm, *Corrode Drain rElec
                  | Will++}
 42764 | Vaults:1 | Reached skill level 18 in Ranged Weapons
 43583 | Vaults:2 | Reached XP level 19. HP: 85/166 MP: 28/35
 43891 | Vaults:2 | Reached skill level 10 in Hexes
 45519 | Vaults:3 | Reached skill level 10 in Dodging
 45543 | Vaults:3 | Shot with a bolt by a vault warden

Illustrated notes

Levels and vault maps discovered:
D:1:      matt_arrival_los_fun, layout_basic,
          shapermc_ecumenical_altar_hornbeckon
D:2:      layout_rooms, serial_shops, shop
D:3:      layout_basic, trog_wizard, uniq_terence, uniq_sigmund, uniq_natasha
D:4:      layout_loops_corners, ebering_ghost_rock_garden, uniq_edmund
D:5:      layout_rooms, minmay_misc_feat_secret_circle
D:6:      layout_basic, serial_shops, nicolae_shop_real_fake_doors,
          chequers_big_river, nicolae_shop_firing_range
D:7:      layout_loops_ring, nicolae_overflow_hidden_temple, vehumet_statue,
          minmay_temple_entry_poolview, minivault_4, minmay_misc_feat_iff,
          minmay_misc_feat_hallway
D:8:      layout_basic, nemelex_spade_bored_becter, enter_ossuary_5,
          special_room [special_room_orc], enter_bailey_2, uniq_pikel,
          uniq_erica, uniq_amaemon
D:9:      layout_small_grid
D:10:     layout_roguey [special_room_orc], nicolae_ru_path_of_blood,
          nicolae_trove_entry_isolated, lemuel_flame_loot_1, uniq_sonja,
          uniq_maurice, uniq_nergalle, uniq_joseph
D:11:     layout_big_octagon, uniq_erolcha
D:12:     layout_loops_corners, david_orc_4, gammafunk_ghost_grave,
          nicolae_gozag_cash_rules_everything_around_me, uniq_azrael,
          uniq_gastronok
D:13:     gammafunk_mikee_crab_dinner, layout_loops_cross, david_vaults_4,
          serial_shops, shop
D:14:     layout_stronghold, minmay_misc_feat_chi,
          nicolae_hepliaklqana_monster_ancestors
D:15:     hangedman_depths_entry_civil_slaughter, layout_basic,
          kennysheep_pointless_box
Lair:1:   layout_long_grid
Lair:2:   layout_roguey, elwin_shoals_entry_rocks, dummy_snake_entry,
          hellmonk_ghost_happy_afterlife, serial_bayou_lagoon_a,
          serial_bayou_pond_a, grunt_forest_small_clearing_treed,
          lemuel_fruit_tree, uniq_fannar
Lair:3:   layout_regular_city, grunt_megastairs_4
Lair:4:   layout_roguey, slime_entry_1,
          hellmonk_guarded_unrand_seven_league_boots, grunt_megastairs_3,
          infiniplex_staircase_pool_2
Lair:5:   grunt_lair_end_beastmaster, layout_cave_pods
Shoals:1: layout_shoals
Shoals:2: layout_shoals, serial_shops, shop_fountains
Shoals:3: layout_shoals, nicolae_shoals_goliath_grotto, uniq_ilsuiw
Shoals:4: shoals_end_hellmonk_storm_palace [storm_palace_center_ruins,
          storm_palace_corner_reverse_hut, storm_palace_corner_narrow,
          storm_palace_corner_altar, storm_palace_corner_grid], uniq_polyphemus,
          uniq_kirke
Snake:1:  layout_basic, serial_shops, nicolae_book_shop_shelving, uniq_aizul,
          uniq_frances
Snake:2:  layout_onion
Snake:3:  layout_grid_maze, serial_bayou_shore_a, minmay_shoptagon
Snake:4:  johnstein_snake_rune_scales, layout_cave_pods, serial_shops, shop,
          portal_ice_cave_entry_pillars_1
Orc:1:    layout_caves, small_statue_alley_c
Orc:2:    st_orc_congregation, layout_diamond_mine, serial_shops,
          nicolae_shop_peninsula, uniq_snorg, uniq_nessos
Vaults:1: nicolae_vaults_offset_grid_hallway_4, vaults_room_corners,
          nicolae_vaults_hallways_thing, st_lines,
          nicolae_vaults_sesquioval_fish, nicolae_vaults_more_shelving_1,
          ontoclasm_vaults_ring_large, nicolae_vaults_closet_pinwheel_3,
          vaults_dpeg_cross, vaults_mumra_minichess_inversion,
          ontoclasm_vaults_chip, ontoclasm_vaults_idyll, layout_vaults_omnibox
Vaults:2: nicolae_vaults_an_arrangement, nicolae_vaults_storage_room_water,
          nicolae_vaults_windows_and_doors_thing, v_misc_23,
          nicolae_vaults_three_branches, vaults_room_pools,
          nicolae_vaults_trapezoid_3, hangedman_vaults_restitches, v_rooms_1,
          nicolae_vaults_house_3, vaults_room_semicircle,
          nicolae_vaults_double_plus_2, nicolae_vaults_apartment_1,
          layout_vaults_omnicross
Vaults:3: nicolae_vaults_oval_intersection, minmay_crypt_entry_skeletal_spiral,
          nicolae_vaults_apartment_1, ontoclasm_vaults_ring_large,
          ontoclasm_vaults_bender, vaults_room_guarded_vault,
          layout_vaults_quadrants

Skill      XL: |  1  2  3  4  5  6  7  8  9 10 11 12 13 14 15 16 17 18 19 |
---------------+----------------------------------------------------------+-----
Translocations | 2 3 4 5 6 7 8 9 10 11 | 11.6
Conjurations   | 1 2 3 4 |  4.0
Fighting       | 1 2 3 4 5 6 7 8 9 10 11 12 13 14 | 14.3
Staves         | 1 |  1.2
Armour         | 2 4 5 7 8 9 10 12 13 | 13.0
Spellcasting   | 2 3 4 5 6 7 8 |  8.0
Transmutations | 1 2 3 5 6 8 9 10 | 10.9
Dodging        | 4 6 7 8 10 | 10.0
Maces & Flails | 2 3 |  3.7
Stealth        | 2 3 5 6 8 9 10 11 12 | 12.1
Axes           | 1 |  1.0
Ranged Weapons | 5 8 11 12 13 15 16 17 18 | 18.0
Hexes          | 3 5 7 9 10 | 10.4
Throwing       | |  1.0

Action                     |  1- 3 |  4- 6 |  7- 9 | 10-12 | 13-15 | 16-18 | 19-21 || total
---------------------------+-------+-------+-------+-------+-------+-------+-------++-------
  Melee: Dagger            |    85 |    26 |       |       |       |       |       ||   111
         Falchion          |     6 |       |       |       |       |       |       ||     6
         Punch             |     1 |       |     2 |       |       |       |       ||     3
         Quarterstaff      |    39 |    27 |       |       |       |       |       ||    66
         Flail             |       |    31 |   165 |       |       |       |       ||   196
         Hand axe          |       |    11 |       |       |       |       |       ||    11
   Fire: Arbalest          |       |       |    95 |   381 |   300 |   160 |    18 ||   954
         Longbow           |       |       |       |       |   970 |  2070 |   250 ||  3290
  Throw: Stone             |    10 |       |       |       |       |       |       ||    10
         Javelin           |     1 |    12 |     6 |       |       |       |       ||    19
         Dart              |     2 |     3 |     5 |       |       |       |       ||    10
   Cast: Momentum Strike   |     1 |    13 |    56 |     4 |       |       |       ||    74
         Wereblood         |       |     2 |     6 |     1 |    15 |    31 |     5 ||    60
         Blink             |       |     1 |     1 |     3 |     1 |     7 |     1 ||    14
         Teleport Other    |       |       |     8 |    24 |    12 |     5 |       ||    49
         Gell's Gravitas   |       |       |     8 |    98 |    21 |     7 |       ||   134
         Portal Projectile |       |       |       |       |     9 |    18 |     2 ||    29
         Passage of Golubr |       |       |       |       |     9 |    30 |     9 ||    48
         Yara's Violent Un |       |       |       |       |     3 |    31 |     4 ||    38
         Cause Fear        |       |       |       |       |       |     8 |     1 ||     9
         Dispersal         |       |       |       |       |       |     5 |     1 ||     6
  Evoke: Wand              |       |     2 |     4 |       |     1 |       |       ||     7
    Use: Scroll            |     5 |    12 |     7 |    10 |    10 |    13 |       ||    57
         Potion            |       |     1 |     4 |     2 |     2 |     8 |     1 ||    18
   Stab: Sleeping          |     2 |     3 |       |       |       |       |       ||     5
 Armour: Leather armour    |    35 |    45 |    88 |       |   183 |   134 |     7 ||   492
         Ring mail         |     7 |       |       |   127 |     6 |       |       ||   140
         Robe              |       |       |     3 |    53 |       |       |       ||    56
         Ice dragon scales |       |       |       |       |       |   135 |       ||   135
  Dodge: Dodged            |    84 |    77 |   185 |   245 |   509 |   644 |    65 ||  1809
  Block: Other             |       |       |       |       |    56 |   190 |     8 ||   254
         Reflection        |       |       |       |       |     7 |    34 |     4 ||    45
